Cogmind - Beta 13 @@@ ROGUE MODE // 2024.03.06 @ 23:37:23 Player: eveschains Result: Destroyed by D-53 Grenadier with Mini Grenade Launcher Performance ------------- Evolutions (0) 0 Regions Visited (2) 400 Robots Destroyed (0) 0 Value Destroyed (0) 0 Prototype IDs (0) 0 Alien Tech Used (0) 0 Bonus (0) 0 TOTAL SCORE: 400 Bonus ------- None Cogmind --------- Core Integrity 0/250 Matter 176/300 Energy 98/100 System Corruption 5% Temperature Cool (0) Movement Rolling (80) Location -10/Mines Parts ------- > --- POWER (1) -------- (None) > --- PROPULSION (2) --- Wheel Wheel > --- UTILITY (2) ------ Medium Storage Unit > --- WEAPON (2) ------- Mace Mace > --- INVENTORY (10) --- Light Treads Small Storage Unit Medium Matter Pod (0) Weight Redist. System Small Laser Mace Mining Claw Peak State ------------ > --- POWER ------------ Light Ion Engine > --- PROPULSION ------- Light Treads Wheel > --- UTILITY ---------- Medium Storage Unit Tractor Beam > --- WEAPON ----------- Mace Mace > --- INVENTORY -------- Ion Engine Light Treads Wheel Small Storage Unit Weight Redist. System Weight Redist. System Small Laser Mace Mining Claw [Rating: 10] Favorites ----------- Power Light Ion Engine Engine Light Ion Engine Propulsion Wheel Treads Light Treads Wheel Wheel Utility Small Storage Unit Device Tractor Beam Storage Small Storage Unit Weapon Small Laser Energy Gun Small Laser Launcher Mini Grenade Launcher Impact Weapon Mace Slashing Weapon Mining Claw Build | -11 -10 -10 ------- Run | Yrd Mat Min Slots Evolved . | . . . Power . | . . . Propulsion . | . . . Utility . | . . . Weapon . | . . . Parts Attached 15 | 6 5 4 Power 2 | 1 . 1 Engine 2 | 1 . 1 Core . | . . . Reactor . | . . . Propulsion 3 | 2 . 1 Treads 1 | 1 . . Leg . | . . . Wheel 2 | 1 . 1 Hover . | . . . Flight . | . . . Utility 3 | 1 2 . Device 1 | . 1 . Storage 2 | 1 1 . Processor . | . . . Hackware . | . . . Protection . | . . . Artifact . | . . . Weapon 7 | 2 3 2 Energy Gun 2 | 2 . . Energy Cannon . | . . . Ballistic Gun . | . . . Ballistic Cannon . | . . . Launcher 1 | . . 1 Special Weapon . | . . . Impact Weapon 3 | . 2 1 Slashing Weapon 1 | . 1 . Piercing Weapon . | . . . Special Melee Weapon . | . . . Unidentified Prototypes . | . . . Parts Lost 5 | . . 5 Power 2 | . . 2 Propulsion 1 | . . 1 Utility 1 | . . 1 Weapon 1 | . . 1 Highest Loss Streak 5 | . . 5 To Critical Strikes . | . . . Average Slot Usage (%) 87 | . 89 82 Engine 12 | . 14 9 Treads 12 | . 14 9 Wheel 15 | . 14 18 Device 4 | . 5 2 Storage 14 | . 14 14 Energy Gun 16 | . 22 . Launcher 1 | . . 4 Impact Weapon 7 | . 2 21 Slashing Weapon 1 | . 1 2 Naked Turns . | . . . Heaviest Build 19 | 11 18 19 Greatest Support 20 | 10 10 20 Greatest Overweight (x) 1 | 1 1 1 Average Overweight (x) . | . 1 . Largest Inventory Capacity 10 | 8 10 10 Average Capacity 8 | 6 8 10 Most Carried 10 | 6 10 10 Average Carried 6 | 3 7 8 Final Capacity 10 | 8 10 10 Final Carried 10 | 6 10 7 Class Distribution -------------------- 100% | Mutant Dominant Class ---------------- Mutant | -10/Materials Mutant | -10/Mines Resources | -11 -10 -10 ----------- Run | Yrd Mat Min Matter Collected 280 | 222 58 . Remotely 58 | . 58 . Salvage Created 20 | . . 20 Parts . | . . . Haulers Intercepted . | . . . Recyclers Shooed . | . . . Parts Field Recycled . | . . . Retrieved Matter . | . . . Parts Self-Destructed . | . . . Prevented . | . . . Kills | -11 -10 -10 ------- Run | Yrd Mat Min Combat Hostiles Destroyed 14 | . . 14 Melee 3 | . . 3 AOE 11 | . . 11 Classes Destroyed 1 | . . 1 Assembled 14 | . . 14 Best Kill Streak 14 | . . 14 Combat Bots Only 14 | . . 14 Max Kills in Single Turn 4 | . . 4 Gunslinging . | . . . Exploded 4 | . . 4 Melee 1 | . . 1 Uniques/NPCs Destroyed . | . . . Combat | -11 -10 -10 -------- Run | Yrd Mat Min Hostile Shots Fired 53 | . . 53 Missed 12 | . . 12 Damage Taken 846 | . . 846 Core 252 | . . 252 Absorbed by Shields . | . . . Core Remaining (%) 100 | 100 . . Volleys Fired 9 | . 2 7 Largest 2 | . 2 1 Hottest 80 | . 80 30 Shots Fired 11 | . 4 7 Gun 4 | . 4 . Cannon . | . . . Launcher 7 | . . 7 Special . | . . . Kinetic . | . . . Thermal 2 | . 2 . Explosive 7 | . . 7 Electromagnetic 2 | . 2 . Robot Hit Streak 2 | . 1 2 Robot Miss Streak 1 | . 1 1 Penetration Max . | . . . Secondary Targets . | . . . Shots Hit Robots 10 | . 2 8 Core Hits 26 | . . 26 Critical Kills . | . . . Critical Parts Destroyed 1 | . . 1 Critical Strikes 1 | . . 1 Smash 1 | . . 1 Melee Attacks 9 | . . 9 Impact 9 | . . 9 Slashing . | . . . Piercing . | . . . Sneak Attacks . | . . . Combat Hostiles . | . . . Follow-up Attacks . | . . . Damage Inflicted 1269 | . 24 1245 Guns 24 | . 24 . Cannons . | . . . Explosions 1050 | . . 1050 Melee 195 | . . 195 Ramming . | . . . Kinetic . | . . . Thermal 24 | . 24 . Explosive 1050 | . . 1050 Electromagnetic . | . . . Impact 195 | . . 195 Slashing . | . . . Piercing . | . . . Highest Corruption 5 | . . 5 Average Corruption 5 | . . 5 Corruption Purged . | . . . Corruption Blocked . | . . . Effects 1 | . . 1 Matter Fused 1 | . . 1 Overload Shots . | . . . Overflow Damage 78 | . . 78 Projectiles . | . . . Explosions 42 | . . 42 Melee 36 | . . 36 Knockbacks 1 | . . 1 Impact 1 | . . 1 Kinetic . | . . . Secondary . | . . . Self-Inflicted Damage 103 | . . 103 Shots 3 | . . 3 Rammed . | . . . Targets Rammed . | . . . Kicked . | . . . Crushed . | . . . Highest Temperature 18 | . 18 2 Average Temperature 10 | . 12 2 Received Heat Transfer 20 | . . 20 Siege Activations . | . . . Robots Corrupted . | . . . Combat Hostiles . | . . . Parts Fried . | . . . Impact Corruptions 2 | . . 2 Robots Melted . | . . . Combat Hostiles . | . . . Parts Melted . | . . . Heat Transferred 50 | . 50 . Parts Sabotaged . | . . . Parts Stolen . | . . . Parts Stripped . | . . . Power Chain Reactions . | . . . Alert | -11 -10 -10 ------- Run | Yrd Mat Min Peak Influence 20 | . 20 14 Initial 7 | . . 7 Average 7 | . 10 4 Maximum Alert Level . | . . . Low Security (%) 100 | 100 100 100 Level 1 . | . . . Level 2 . | . . . Level 3 . | . . . Level 4 . | . . . Level 5 . | . . . High Security . | . . . Max Security . | . . . Squads Dispatched 1 | . 1 . Investigation . | . . . Extermination . | . . . Reinforcement 1 | . 1 . Assault . | . . . Garrison . | . . . Intercept . | . . . Searches Triggered . | . . . Construction Impeded . | . . . Haulers Reinforced . | . . . Active Scanning Responses . | . . . Cargo Convoy Interrupts . | . . . Stealth | -11 -10 -10 --------- Run | Yrd Mat Min Distress Signals . | . . . Communications Jammed . | . . . Distress Signals . | . . . Times Spotted 25 | . 2 23 Peak Tracking Total 20 | . 2 20 Tactical Retreats . | . . . Traps | -11 -10 -10 ------- Run | Yrd Mat Min Traps Triggered . | . . . Indirectly . | . . . Trap Hack Attempts . | . . . Triggered . | . . . Disarmed . | . . . Reprogrammed . | . . . Reused . | . . . Traps Extracted . | . . . Installed . | . . . Triggered . | . . . Machines | -11 -10 -10 ---------- Run | Yrd Mat Min Machines Disabled . | . . . Max in Single Turn . | . . . Machines Repaired . | . . . Machines Dismantled . | . . . Machines Sabotaged . | . . . Overloaded Fab Kills . | . . . Hacking | -11 -10 -10 --------- Run | Yrd Mat Min Machines Accessed 1 | . 1 . Terminals 1 | . 1 . Fabricators . | . . . Repair Stations . | . . . Recycling Units . | . . . Scanalyzers . | . . . Garrison Access . | . . . Total Hacks 3 | . 3 . Successful 2 | . 2 . Failed 1 | . 1 . Catastrophic . | . . . Database Lockouts . | . . . Manual . | . . . Terminals 3 | . 3 . Fabricators . | . . . Repair Stations . | . . . Recycling Units . | . . . Scanalyzers . | . . . Garrison Access . | . . . Terminal Hacks 2 | . 2 . Locate Traps 1 | . 1 . Zone Layout 1 | . 1 . Fabricator Hacks . | . . . Repair Station Hacks . | . . . Recycling Unit Hacks . | . . . Scanalyzer . | . . . Garrison Access Hacks . | . . . Unauthorized Hacks . | . . . Terminals . | . . . Fabricators . | . . . Repair Stations . | . . . Recycling Units . | . . . Scanalyzers . | . . . Garrison Access . | . . . Data Cores Recovered . | . . . Used . | . . . Hacking Detections 1 | . 1 . Full Trace Events 1 | . 1 . Feedback Events . | . . . Feedback Blocked . | . . . Robot Schematics Acquired . | . . . Robots Built . | . . . Authchips . | . . . Time . | . . . Total Robot Build Rating . | . . . Part Schematics Acquired . | . . . Parts Built . | . . . Authchips . | . . . Time . | . . . Total Part Build Rating . | . . . Parts Repaired . | . . . Time . | . . . Parts Recycled . | . . . Recycled Matter . | . . . Retrieved Matter . | . . . Retrieved Components . | . . . Parts Scanalyzed . | . . . Part Schematics Acquired . | . . . Parts Damaged . | . . . Bothacking | -11 -10 -10 ------------ Run | Yrd Mat Min Used RIF Installer . | . . . Robots Hacked . | . . . Non-combat . | . . . Combat . | . . . Robot Hacks Applied . | . . . Relay Couplers Released . | . . . Fabnet Peak Effective % . | . . . Robots Rewired . | . . . Allies Hacked . | . . . Hacks Repelled . | . . . Allies | -11 -10 -10 -------- Run | Yrd Mat Min Total Allies . | . . . Largest Group . | . . . Highest-Rated Group . | . . . Highest-Rated Ally . | . . . Total Orders . | . . . Ally Attacks . | . . . Total Damage . | . . . Kills . | . . . Allies Corrupted . | . . . Allies Melted . | . . . Intel | -11 -10 -10 ------- Run | Yrd Mat Min Robot Analysis Total . | . . . Derelict Logs Recovered . | . . . Drone Launches . | . . . Drone Recoveries . | . . . Exploration | -11 -10 -10 ------------- Run | Yrd Mat Min Turns Passed 278 | 53 157 68 Spaces Moved 213 | 43 142 28 Core 1 | 1 . . Treads . | . . . Legs . | . . . Wheels 212 | 42 142 28 Hover . | . . . Flight . | . . . Fastest Speed 50 | 50 95 80 Average Speed 93 | 90 95 88 Slowest Speed 95 | 95 95 95 Overloaded Moves . | . . . Propulsion Burnouts . | . . . Robots Hopped . | . . . Cave-ins Triggered . | . . . Exploration Rate (%) 15 | 4 27 14 Regions Visited 2 Branch Regions 1 Pre-discovered Areas . | . . . Known Exits Taken . | . . . Unknown Exits Taken 2 | 1 1 . Scrap Searched . | . . . Spaces Dug . | . . . Terrain Destroyed 43 | . . 43 Melee . | . . . Projectile . | . . . AOE 43 | . . 43 Terrain Rammed . | . . . Walls Destroyed . | . . . Machines Disabled . | . . . Actions | -11 -10 -10 --------- Run | Yrd Mat Min Total 262 | 54 160 48 Wait . | . . . Move 211 | 42 141 28 Hop . | . . . Pick Up 12 | 6 6 . Fast Attach 10 | 6 4 . Attach 3 | . . 3 Detach 1 | . 1 . Swap 2 | . 1 1 Drop 5 | . 5 . Fire 9 | . 2 7 Melee 9 | . . 9 Ram . | . . . Kick . | . . . Crush . | . . . Escape Stasis . | . . . Rewire . | . . . Trap . | . . . Miscellaneous . | . . . Route ------- -11/Scrapyard -10/Materials -10/Mines History --------- Turn | Location | Event 9 | -11/Scrapyard | Discovered new exit (range 15) 54 | -11/Scrapyard | Entered Materials 174 | -10/Materials | Discovered new exit (range 14) 211 | -10/Materials | Entered Mines 217 | -10/Mines | Assembled infested the area 252 | -10/Mines | Core integrity fell below 50% 274 | -10/Mines | Core integrity fell below 20% 279 | -10/Mines | Destroyed by D-53 Grenadier with Mini Grenade Launcher Last Messages --------------- 00253_ Destroyed Asb. Hover Unit. 00253_ as-51319 system corrupted by crushing effect. 00253_ as-51319 knocked back. 00255_ The unstable cave ceiling collapses. 00256_ Lgt. Treads destroyed. 00256_ System corrupted by crushing effect (+5). 00256_ Knocked back. 00257_ System corrupted: Matter fused (-9). 00259_ The unstable cave ceiling collapses. 00260_ as-51319 destroyed. 00261_ The unstable cave ceiling collapses. 00263_ YI-UF0 mumbles something. 00269_ The unstable cave ceiling collapses. 00271_ Destroyed Asb. Hover Unit. 00271_ as-07855 system corrupted by crushing effect. 00273_ C-30 ARC bursts open, deploying its payload. 00273_ D-53 Grenadier unfolds itself. 00276_ as-07855 destroyed. 00277_ Ion Engine destroyed. 00278_ The unstable cave ceiling collapses. Map ----- +----------------------------------------------------+ | | | | | | | | | | | | | | | | | | | | | | | | | | | | | | | | | ?????????????????????????????????????????????????? | | ?????????????????????????????????????????????????? | | ????????????????????????????????????????####?????? | | ???????????????????????????????????????## ##????? | | ?????????????????????????####?????????## ##???? | | ???????????????????????### ########### ##??? | | ???????????????????????# # #??? | | ??????????????????????## #??? | | ????????????# ### ##?? | | ??????????????????# @ ##? | | ??????????????????# ## #? | | ????????????????????## < g #### # | | ??????????????????# ##??## # | | ??????????????????#### #????# # | | ?????????????????????# #????# # | | ?????????????????????## # ##????## ## | | ??????????????????????# #??????#####? | | ??????????????????????# dd #???????????? | | ?????????????????????# ##???????????? | | ???????????????????? #####????????????? | | ???????????????????? % #????????????????? | | ??????????????????? # ###????????????????? | | ????????????????????######## #??????????????????? | | ???????????????????????????# #??????????????????? | | ???????????????????????????# ???????????????????? | | ???????????????????????????# ???????????????????? | | ???????????????????????????#?????????????????????? | | ?????????????????????????????????????????????????? | | ?????????????????????????????????????????????????? | | ?????????????????????????????????????????????????? | | ?????????????????????????????????????????????????? | | ?????????????????????????????????????????????????? | | ?????????????????????????????????????????????????? | | ?????????????????????????????????????????????????? | +----------------------------------------------------+ Best States ------------- Heat Dissipation 25 Energy Generation 10 Energy Capacity 250 Matter Stores 300 Matter Capacity 300 Sight Range 16 Terrain Scan Density 10 Evasion (%) 44 Recoil Reduction 1 Item Schematics ----------------- None Robot Schematics ------------------ None Fabricated ------------ Nothing Alien Tech Used ----------------- None Achievements -------------- None Challenges ------------ None Game ------ Seed AssaultBurstMembrane Manual? 0 Play Time 00:07:55 Cumulative 87.6 hours Start 2024.03.06 @ 23:29:17 End 2024.03.06 @ 23:37:23 Sessions 1 Manual Loads 0 Difficulty Rogue Special Mode None Game No. 97 Rogue 97 Adventurer 0 Explorer 0 Win Type - Total 0 Types 0/0/0/0/0/0/0/0/0 Lore% 47 Gallery% 52 Achievement% 37 Wizard Run 0 Options --------- Layout 1 ASCII 0 Keyboard 0 Movement Mouse Keybinds 0 Fullscreen 2 Font 32/Tamsyn Map View 77x35 Zoom Use 0% Tactical HUD 1 Map Filters NONE Filters NONE Steam 1 RUN: 6d8e3d21-b54e-4902-a058-2562e68ed6f7